 Dungeon Crawl Stone Soup version 0.29-a0-359-g541a27f54d (webtiles) character file.

Game seed: 15301692473749428602

331 lunkers the Digger (level 6, -1/41 HPs)
             Began as a Formicid Earth Elementalist on Apr 27, 2022.
             Slain by a lemure (8 damage)
             ... led by Pikel
             ... on level 4 of the Dungeon.
             The game lasted 00:02:47 (3187 turns).

lunkers the Digger (Formicid Earth Elementalist)    Turns: 3187, Time: 00:02:48

Health: -1/41      AC:  3    Str: 13    XL:     6   Next: 81%
Magic:  12/12      EV: 12    Int: 16    God:
Gold:   84         SH:  0    Dex: 11    Spells: 12/13 levels left

rFire   . . .      SeeInvis +   (no weapon)
rCold   . . .      Faith    .   (no shield)
rNeg    . . .      Spirit   .   b - +0 robe
rPois   .          Reflect  .   (helmet unavailable)
rElec   .          Harm     .   e - +0 cloak
rCorr   .          Rampage  .   (no gloves)
Will    .....                   (no boots)
Stlth   ++........              (no amulet)
HPRegen 0.13/turn               (no ring)
MPRegen 0.13/turn               (no ring)

@: no status effects
A: permanent stasis, dig shafts and tunnels, antennae 3, four strong arms
a: Dig, Shaft Self


You were on level 4 of the Dungeon.
You visited 1 branch of the dungeon, and saw 5 of its levels.

You collected 84 gold pieces.

Inventory:

Missiles
 a - 38 stones
Armour
 b - a +0 robe (worn)
 e - a +0 cloak (worn)
Scrolls
 f - a scroll of teleportation {unknown}
 g - a scroll of enchant weapon {unknown}
 h - 5 scrolls of identify {unknown}
 i - a scroll of enchant armour {unknown}
 j - 2 scrolls of fear {unknown}
 l - a scroll of magic mapping {unknown}
 q - a scroll of brand weapon {unknown}
Potions
 c - a potion of magic
 d - a potion of lignification {unknown}
 k - a potion of cancellation {unknown}
 m - a potion of attraction {unknown}
 n - a potion of ambrosia {unknown}
 o - 3 potions of mutation {unknown}
 p - 2 potions of flight {unknown}
 r - a potion of might {unknown}


   Skills:
 - Level 1.7 Dodging
 - Level 2.4 Stealth
 + Level 4.2 Spellcasting
 - Level 1.1 Transmutations
 * Level 7.3 Earth Magic


You had 12 spell levels left.
You knew the following spells:

 Your Spells              Type           Power      Damage    Failure   Level
a - Sandblast             Erth           52%        2d12      1%          1

Your spell library contained the following spells:

 Spells                   Type           Power      Damage    Failure   Level
 Passwall                 Tmut/Erth      13%        N/A       4%          2
 Stone Arrow              Conj/Erth      30%        3d8       11%         3
 Wereblood                Tmut           6%         N/A       16%         2
 Sublimation of Blood     Necr           3%         N/A       26%         2
 Petrify                  Tmut/Erth      16%        N/A       28%         4
 Ozocubu's Armour         Ice            3%         N/A       45%         3
 Summon Ice Beast         Ice/Summ       3%         N/A       86%         4
 Summon Mana Viper        Hex/Summ       3%         N/A       99%         5
 Monstrous Menagerie      Summ           1%         N/A       100%        7
 Ozocubu's Refrigeration  Ice            1%         4d5       100%        7
 Summon Hydra             Summ           1%         N/A       100%        7


Dungeon Overview and Level Annotations

Branches:
Dungeon (5/15)
 Temple: D:4-7

Altars:
Hepliaklqana
Trog
Vehumet
The Shining One

Annotations:
D:4 Pikel


Innate Abilities, Weirdness & Mutations

You cannot be hasted, slowed, berserked, paralysed or teleported.
You can dig through walls and to a lower floor.
You have a pair of large antennae on your head. (SInv)
Your four strong arms can wield two-handed weapons with a shield.


Message History

The blast of sand hits the ball python.
You kill the ball python!
You see here a ball python corpse.
You sense a monster nearby.
No target in view!
Found a stone staircase leading down.
No target in view!
No target in view!
A lemure comes into view.
An endoplasm comes into view. 3 lemures come into view.
Found an escape hatch in the floor.
Found a stone staircase leading up.
The lemure shouts! x3; You hear a shout!
Pikel, Merchant of Souls comes into view.
He is wielding a +1 whip of freezing and wearing a +2 robe of the Archmagi.
The lemure moves out of view.
There are monsters nearby!
Found a scale mail.
There are monsters nearby!
Found a knobbly jewelled staff.
Found a ring mail.
Found a stone staircase leading down.
Found a falchion.
The lemure attacks as you move away! The lemure closely misses you.
The lemure attacks as you move away! The lemure misses you.
Pikel says, "You'll make a fine lemure."
The lemure shouts!
The lemure barely misses you. The lemure hits you! The lemure misses you.
The lemure closely misses you. The lemure attacks as you move away!
The lemure closely misses you. The lemure barely misses you.
Pikel hits you with a +1 whip of freezing.
Pikel freezes you. The lemure hits you.
* * * LOW HITPOINT WARNING * * *
There is a stone staircase leading up, spattered with blood here.
The lemure hits you but does no damage. The lemure closely misses you.
The lemure barely misses you.
Pikel hits you with a +1 whip of freezing!
* * * LOW HITPOINT WARNING * * *
Pikel freezes you.
* * * LOW HITPOINT WARNING * * *
The lemure hits you!
You die...

...... ######
....>.######....##
##......#..##.....#
###.................##
#...[....#..##......##
#...........#....#.†..
#........#........###.
#...5..####.{..#......
###.5@5.###.#{.#.##...
###K5..#..#..#####..
..#[#.......##..####..
#........>.............
##.)........J#....##...
#####.................
##................
#.................
#.................


You could see Pikel, 4 lemures and an endoplasm (wandering).

Vanquished Creatures
  Sigmund (D:3)
  An iguana (D:4)
  3 gnolls (D:4)
  5 adders
  A worm (D:3)
  3 dart slugs
  7 endoplasms
  3 giant cockroaches
  3 goblins
  6 hobgoblins
  3 jackals (D:2)
  4 kobolds
  2 quokkas
  7 ball pythons
  5 bats
  3 frilled lizards
  4 rats
61 creatures vanquished.

Notes
Turn   | Place    | Note
-------+----------+-------------------------------------------
     0 | D:1      | lunkers the Formicid Earth Elementalist began the quest for
                  | the Orb.
     0 | D:1      | Reached XP level 1. HP: 13/13 MP: 3/3
   127 | D:1      | Reached skill level 4 in Earth Magic
   127 | D:1      | Reached XP level 2. HP: 16/19 MP: 0/5
   881 | D:1      | Reached XP level 3. HP: 24/24 MP: 4/6
  1313 | D:2      | Found a glowing golden altar of the Shining One.
  1366 | D:2      | Found a faded altar of an unknown god.
  1369 | D:2      | Noticed a floating eye
  1369 | D:2      | Noticed a great orb of eyes
  1370 | D:2      | Noticed a golden eye
  1370 | D:2      | Noticed an eye of devastation
  1505 | D:2      | Reached skill level 5 in Earth Magic
  1530 | D:2      | Reached XP level 4. HP: 30/30 MP: 1/8
  2395 | D:3      | Reached XP level 5. HP: 35/35 MP: 6/9
  2442 | D:3      | Noticed Sigmund
  2446 | D:3      | Killed Sigmund
  2447 | D:3      | Reached skill level 6 in Earth Magic
  2447 | D:3      | Reached XP level 6. HP: 32/41 MP: 5/12
  2547 | D:3      | Found a radiant altar of Vehumet.
  2596 | D:3      | Found a hazy altar of Hepliaklqana.
  2693 | D:3      | You fall into a shaft and drop 2 floors!
  2693 | D:5      | Entered Level 5 of the Dungeon
  2824 | D:5      | Found a bloodstained altar of Trog.
  2954 | D:4      | Reached skill level 7 in Earth Magic
  3160 | D:4      | Noticed Pikel
  3187 | D:4      | Slain by a lemure

Illustrated notes

Levels and vault maps discovered:
D:1:      minmay_arrival_floating_metal, layout_basic
D:2:      layout_rooms, hellmonk_ecumenical_altar_watching_god, basic_altar,
          minmay_heptomino_d4
D:3:      layout_basic, lemuel_tele_altar, lemuel_crystal_altar,
          gammafunk_ghost_stat_death, grunt_decor_junction, uniq_sigmund
D:4:      layout_cave_pools, nicolae_dithmenos_through_a_glass_darkly,
          serial_shops, shop_coins, kennysheep_mini, serial_bayou_lake_a,
          uniq_pikel
D:5:      layout_basic, trog_book, general_overflow_altar,
          guppyfry_early_orc_mine

Skill      XL: |  1  2  3  4  5  6 |
---------------+-------------------+-----
Earth Magic    | 4 5 6 7 |  7.3
Spellcasting   | 3 4 |  4.2
Dodging        | |  1.7
Stealth        | |  2.4
Transmutations | |  1.1

Action                   |  1- 3 |  4- 6 || total
-------------------------+-------+-------++-------
Melee: Unarmed           |     6 |    13 ||    19
 Cast: Sandblast         |    45 |    49 ||    94
Armor: Robe              |     3 |    11 ||    14
Dodge: Dodged            |     9 |    28 ||    37

Table legend: (Time is in decaauts)
 A = Elapsed time spent in this place.
 B = Non-inter-level travel time spent in this place.
 C = Inter-level travel time spent in this place.
 D = Time resting spent in this place.
 E = Time spent auto-exploring this place.
 F = Levels seen in this place.
 G = Mean time per level.
                   A        B        C        D        E       F      G
               +--------+--------+--------+--------+--------+-----+--------+
         Total |   3208 |   3140 |     68 |    109 |   2638 |   5 |  641.6 |
       Dungeon |   3208 |   3140 |     68 |    109 |   2638 |   5 |  641.6 |
               +--------+--------+--------+--------+--------+-----+--------+

Top non-repeatable levels by time:
     D:1: 1335 daAuts
     D:2: 1041 daAuts
     D:3: 337 daAuts
     D:5: 252 daAuts
     D:4: 240 daAuts
